 Dungeon Crawl Stone Soup version 0.28.0-53-g5a82cb258f (webtiles) character file.

Game seed: 13710213752454672243

102 jiml777 the Gusty (level 4, 0/32 HPs)
             Began as a Gnoll Air Elementalist on July 29, 2022.
             Succumbed to Robin's poison
             ... on level 2 of the Dungeon.
             The game lasted 00:10:38 (2189 turns).

jiml777 the Gusty (Gnoll Air Elementalist)          Turns: 2189, Time: 00:10:38

Health: 0/32       AC:  2    Str:  7    XL:     4   Next: 78%
Magic:  11/11      EV: 13    Int: 16    God:
Gold:   77         SH:  0    Dex: 13    Spells: 12/13 levels left

rFire   . . .      SeeInvis .   o - +2 rapier (venom)
rCold   . . .      Faith    .   (no shield)
rNeg    . . .      Spirit   .   a - +0 robe
rPois   .          Reflect  .   (no helmet)
rElec   .          Harm     .   (no cloak)
rCorr   .          Rampage  .   (no gloves)
Will    .....                   (no boots)
Stlth   +++.......              (no amulet)
HPRegen 0.10/turn               (no ring)
MPRegen 0.12/turn               (no ring)

@: lethally poisoned (0 -> -10)
A: fangs 1, strong nose, distributed training
a: no special abilities


You were on level 2 of the Dungeon.
You visited 1 branch of the dungeon, and saw 2 of its levels.

You collected 77 gold pieces.

Inventory:

Hand Weapons
 d - a +1 vorpal falchion
 o - a +2 rapier of venom (weapon)
Missiles
 f - 48 arrows
Armour
 a - a +0 robe (worn)
Scrolls
 c - a scroll of holy word {unknown}
 e - a scroll of teleportation {unknown}
 i - a scroll of torment {unknown}
 j - a scroll of blinking {unknown}
Potions
 b - a potion of brilliance
 h - a potion of resistance
 k - 2 potions of curing
 l - 2 potions of lignification {unknown}
 m - a potion of mutation {unknown}
 n - a potion of cancellation {unknown}


   Skills:
 + Level 1.2 Fighting
 + Level 1.2 Short Blades
 + Level 1.2 Long Blades
 + Level 1.2 Axes
 + Level 1.2 Maces & Flails
 + Level 1.2 Polearms
 + Level 1.2 Staves
 + Level 1.2 Slings
 + Level 1.2 Bows
 + Level 1.2 Crossbows
 + Level 1.2 Throwing
 + Level 1.2 Armour
 + Level 4.7 Dodging
 + Level 4.3 Stealth
 + Level 1.2 Shields
 + Level 1.2 Unarmed Combat
 + Level 5.1 Spellcasting
 + Level 2.3 Conjurations
 + Level 1.0 Hexes
 + Level 1.0 Summonings
 + Level 1.0 Necromancy
 + Level 1.0 Translocations
 + Level 1.0 Transmutations
 + Level 1.0 Fire Magic
 + Level 1.0 Ice Magic
 + Level 5.5 Air Magic
 + Level 1.0 Earth Magic
 + Level 1.0 Poison Magic
 + Level 1.3 Invocations
 + Level 1.2 Evocations


You had 12 spell levels left.
You knew the following spells:

 Your Spells              Type           Power      Damage    Failure   Level
a - Shock                 Conj/Air       64%        1d7       3%          1

Your spell library contained the following spells:

 Spells                   Type           Power      Damage    Failure   Level
 Static Discharge         Conj/Air       16%        N/A       4%          2
 Swiftness                Air            21%        N/A       4%          3
 Airstrike                Air            10%        N/A       16%         4


Dungeon Overview and Level Annotations

Branches:
Dungeon (2/15)

Altars:

Shops:
D:1 !

Annotations:
D:2 Robin


Innate Abilities, Weirdness & Mutations

You have very sharp teeth.
Your uncanny sense of smell can sniff out nearby items.
Your experience applies equally to all skills.


Message History

The hobgoblin closely misses you.
You see here a +0 club.
You barely miss the hobgoblin. You closely miss the goblin.
Your bite misses the goblin. The hobgoblin misses you.
The goblin hits you with a +0 club. The hobgoblin misses you.
The goblin barely misses you. The hobgoblin misses you.
You hit the hobgoblin.
The hobgoblin is poisoned.
You bite the hobgoblin, but do no damage.
The hobgoblin is severely wounded.
You kill the hobgoblin!
A goblin comes into view. It is wielding a +0 club.
You hit the goblin.
You kill the goblin!
The goblin no longer looks unusually strong. x2
Robin says, "My goblins will feast on your bones."
You barely miss the hobgoblin. The hobgoblin hits you.
You hit the hobgoblin.
The hobgoblin is poisoned.
The hobgoblin is heavily wounded.
The hobgoblin no longer looks unusually strong.
Robin hits you with a +4 short sword of venom.
You are lethally poisoned!
The hobgoblin closely misses you. Robin barely misses you.
You hit the hobgoblin.
You kill the hobgoblin!
* * * LOW HITPOINT WARNING * * *
You feel very sick.
Robin hits you with a +4 short sword of venom!
* * * LOW HITPOINT WARNING * * *
You are more poisoned.
You feel better.
Robin roars a battlecry!
The goblins go into a battle-frenzy!
Robin hits you with a +4 short sword of venom.
* * * LOW HITPOINT WARNING * * *
You are lethally poisoned!
* * * LOW HITPOINT WARNING * * *
You feel very sick. Robin throws the goblin at you!
You die...

#........## ..........#
..........#######
..........#.....#################
..........#.....g)..g...†........
..........#.....g########gg.....#
.........##.....## #.......#
..........#.....## #.)......
..........#####g@# #...####.
..........##...#.# #.###
.................# ####.#
>................# ##.....#
#................# #....#
##...............###..#
##.###.........<.....#
##.###....##....[.##.#
.#.........##.###..#.#


You could see a goblin (strong).

Vanquished Creatures
  3 gnolls (D:2)
  2 adders (D:2)
  An adder skeleton (D:2)
  2 worms (D:2)
  A dart slug (D:1)
  5 bats
  2 endoplasms (D:2)
  A giant cockroach (D:1)
  7 goblins
  4 hobgoblins
  3 jackals (D:1)
  2 quokkas (D:2)
  5 ball pythons
  4 frilled lizards
  A kobold (D:1)
  3 rats (D:2)
46 creatures vanquished.

Notes
Turn   | Place    | Note
-------+----------+-------------------------------------------
     0 | D:1      | jiml777 the Gnoll Air Elementalist began the quest for the
                  | Orb.
     0 | D:1      | Reached XP level 1. HP: 13/13 MP: 6/6
   511 | D:1      | Reached XP level 2. HP: 18/19 MP: 7/7
   569 | D:1      | Found a faded altar of an unknown god.
  1094 | D:1      | Found Huydiva's Distillery.
  1341 | D:2      | Reached XP level 3. HP: 22/25 MP: 9/9
  1576 | D:2      | Reached skill level 5 in Spellcasting
  1621 | D:2      | Reached skill level 1 in Invocations
  1813 | D:2      | Reached skill level 1 in Fighting
  1813 | D:2      | Reached skill level 1 in Short Blades
  1813 | D:2      | Reached skill level 1 in Long Blades
  1813 | D:2      | Reached skill level 1 in Axes
  1813 | D:2      | Reached skill level 1 in Maces & Flails
  1813 | D:2      | Reached skill level 1 in Polearms
  1813 | D:2      | Reached skill level 1 in Staves
  1813 | D:2      | Reached skill level 1 in Slings
  1813 | D:2      | Reached skill level 1 in Bows
  1813 | D:2      | Reached skill level 1 in Crossbows
  1813 | D:2      | Reached skill level 1 in Throwing
  1813 | D:2      | Reached skill level 1 in Armour
  1813 | D:2      | Reached skill level 1 in Shields
  1813 | D:2      | Reached skill level 1 in Unarmed Combat
  1813 | D:2      | Reached skill level 1 in Evocations
  1995 | D:2      | Reached XP level 4. HP: 26/32 MP: 8/11
  2002 | D:2      | Reached skill level 1 in Hexes
  2002 | D:2      | Reached skill level 1 in Summonings
  2002 | D:2      | Reached skill level 1 in Necromancy
  2002 | D:2      | Reached skill level 1 in Translocations
  2002 | D:2      | Reached skill level 1 in Transmutations
  2002 | D:2      | Reached skill level 1 in Fire Magic
  2002 | D:2      | Reached skill level 1 in Ice Magic
  2002 | D:2      | Reached skill level 1 in Earth Magic
  2002 | D:2      | Reached skill level 1 in Poison Magic
  2158 | D:2      | Noticed Robin
  2184 | D:2      | HP: 1/32 [Robin/+4 short sword of venom (8)]
  2189 | D:2      | Succumbed to Robin's poison

Illustrated notes

Levels and vault maps discovered:
D:1:      dpeg_arrival_shrine, layout_basic, serial_shops, nicolae_shop_trees,
          dreamdust_ecumenical_altar_hidden_monk_grotto, minivault_24
D:2:      layout_rooms, uniq_robin

Skill      XL: |  1  2  3  4 |
---------------+-------------+-----
Conjurations   | 2 |  2.3
Spellcasting   | 5 |  5.1
Invocations    | 1 |  1.3
Fighting       | 1 |  1.2
Short Blades   | 1 |  1.2
Long Blades    | 1 |  1.2
Axes           | 1 |  1.2
Maces & Flails | 1 |  1.2
Polearms       | 1 |  1.2
Staves         | 1 |  1.2
Slings         | 1 |  1.2
Bows           | 1 |  1.2
Crossbows      | 1 |  1.2
Throwing       | 1 |  1.2
Armour         | 1 |  1.2
Shields        | 1 |  1.2
Unarmed Combat | 1 |  1.2
Evocations     | 1 |  1.2
Hexes          | 1 |  1.0
Summonings     | 1 |  1.0
Necromancy     | 1 |  1.0
Translocations | 1 |  1.0
Transmutations | 1 |  1.0
Fire Magic     | 1 |  1.0
Ice Magic      | 1 |  1.0
Earth Magic    | 1 |  1.0
Poison Magic   | 1 |  1.0
Dodging        | |  4.7
Stealth        | |  4.3
Air Magic      | |  5.5

Action                   |  1- 3 |  4- 6 || total
-------------------------+-------+-------++-------
Melee: Falchion          |    50 |       ||    50
       Dagger            |     3 |       ||     3
       Punch             |     1 |       ||     1
       Rapier            |     1 |    19 ||    20
       Bite              |       |     3 ||     3
 Cast: Shock             |    18 |     4 ||    22
  Use: Scroll            |     3 |       ||     3
       Potion            |       |     1 ||     1
 Stab: Sleeping          |     3 |       ||     3
Armor: Robe              |    14 |     5 ||    19
Dodge: Dodged            |    42 |    16 ||    58
